 Dungeon Crawl Stone Soup version 0.25-a0-51-gc466198 (webtiles) character file.

Game seed: 11519858118745759785, levelgen mode: deterministic

295 BoppinsLewinski the Chopper (level 6, -8/52 HPs)
             Began as a Draconian Gladiator on Oct 25, 2019.
             Mangled by a gnoll
             ... wielding a +0 halberd
              (10 damage)
             ... on level 4 of the Dungeon.
             The game lasted 00:05:58 (2659 turns).

BoppinsLewinski the Chopper (Draconian Gladiator)   Turns: 2659, Time: 00:05:59

Health: -8/52      AC:  9    Str: 18    XL:     6   Next: 11%
Magic:  6/6        EV: 13    Int:  8    God:
Gold:   216        SH:  0    Dex: 13    Spells: 5/5 levels left

rFire    . . .     SeeInvis +   j - +1 war axe (drain)
rCold    . . .     Gourm    .   (no shield)
rNeg     . . .     Faith    .   (armour unavailable)
rPois    .         Spirit   .   n - +0 hat
rElec    .         Reflect  .   (no cloak)
rCorr    .         Harm     .   (no gloves)
MR       .....                  l - +2 pair of boots
Stlth    ++........             (no amulet)
HPRegen  0.17/turn              o - ring of see invisible
MPRegen  0.10/turn              x - ring of stealth

@: no status effects
A: unfitting armour, cold-blooded, AC +6
a: no special abilities


You were on level 4 of the Dungeon.
You were hungry.

You visited 1 branch of the dungeon, and saw 4 of its levels.

You collected 216 gold pieces.

Inventory:

Hand Weapons
 j - a +1 war axe of draining (weapon)
Missiles
 c - 3 throwing nets
 f - 179 stones (quivered)
Armour
 l - a +2 pair of boots (worn)
 n - a +0 hat (worn)
Jewellery
 m - an uncursed amulet of regeneration {unknown}
 o - a ring of see invisible (left hand)
 q - an uncursed amulet of rage {unknown}
 x - a ring of stealth (right hand)
Scrolls
 b - a scroll of fear {unknown}
 e - 4 scrolls of teleportation {unknown}
 g - 5 scrolls of remove curse {unknown}
 h - 6 scrolls of identify {unknown}
 i - 2 scrolls of enchant weapon {unknown}
 r - a scroll of amnesia {unknown}
 s - a scroll of immolation {unknown}
 t - a scroll of noise {unknown}
 w - a scroll of fog {unknown}
Potions
 k - a potion of curing
 p - a potion of agility {unknown}
 u - a potion of brilliance {unknown}
 v - 2 potions of cancellation
Comestibles
 d - 6 rations


   Skills:
 + Level 3.7 Fighting
 * Level 4.9 Axes
 + Level 3.0 Throwing
 + Level 3.7 Dodging


You had 5 spell levels left.
You didn't know any spells.
Your spell library was empty.

Dungeon Overview and Level Annotations

Branches:
Dungeon (4/15)
 Temple: D:4-7

Altars:
Elyvilon
Gozag
Okawaru
Xom


Innate Abilities, Weirdness & Mutations

Your plain brown scales are hard. (AC +6)
You cannot fit into any form of body armour.
You are cold-blooded and may be slowed by cold attacks.


Message History

Ye barely miss tha gnoll shaman.
Tha gnoll shaman hits ye but does nay damage.
Tha gnoll hits ye from afar wit' a +0 halberd!
Tha gnoll shaman calls upon its god ta speed up somethin'.
Tha gnoll misses ye.
Tha gnoll misses ye.
It was a potion o' curin'.
Ye feel better.
Tha gnoll hits ye from afar wit' a +0 halberd!
Okay, than.
Ye ar'n't carryin' any items tha ye can evoke.
Unknown command.
It was a potion o' cancellation.
Ye feel magic'lly purged.
Tha gnoll hits ye from afar wit' a +0 halberd!
* * * LOW HITPOINT WARNIN'
* * * Tha gnoll hits ye from afar wit' a +0 halberd!
* * * LOW HITPOINT WARNIN'
* * * Tha gnoll hits ye but does nay damage.
Ye be feelin' hungry.
Tha gnoll hits ye from afar wit' a +0 halberd!
Ye die...

#.##.# ....# #.##.##
###.# #.#...#####.####
#...........[..#
###...#####.##.# ##.##
#.##.###### ##.##
##.##.##...
##...####...#.##^#####..
#..........@.gg.S....(..
##...####...#.##.######
##.## ##.##.##.######..
### #.##.##g........
#.##.##.g#####..
#.##.##..# #.##.##gS# #.
#.##..# #..#


You could see a gnoll shaman, a gnoll and an adder.

Vanquished Creatures
  A big kobold (D:3)
  A hound (D:3)
  A gnoll (D:4)
  8 adders
  3 oozes
  A worm (D:3)
  4 dart slugs
  5 leopard geckos
  7 orcs
  A ball python (D:1)
  10 bats
  4 giant cockroaches
  8 goblins
  10 hobgoblins
  A quokka (D:3)
  4 frilled lizards
  8 kobolds
  10 rats
87 creatures vanquished.

Notes
Turn   | Place    | Note
-------+----------+-------------------------------------------
     0 | D:1      | BoppinsLewinski the Draconian Gladiator began the quest for
                  | the Orb.
     0 | D:1      | Reached XP level 1. HP: 17/17 MP: 1/1
   105 | D:1      | Reached XP level 2. HP: 25/25 MP: 2/2
   282 | D:1      | Reached XP level 3. HP: 24/30 MP: 3/3
   993 | D:2      | Reached XP level 4. HP: 22/37 MP: 4/4
  1030 | D:2      | Reached skill level 4 in Axes
  1341 | D:2      | Found a shimmering altar of Xom.
  1343 | D:2      | Found a shimmering altar of Xom.
  1343 | D:2      | Found a shimmering altar of Xom.
  1344 | D:2      | Found a shimmering altar of Xom.
  1347 | D:2      | Found a shimmering altar of Xom.
  1964 | D:3      | Reached XP level 5. HP: 20/45 MP: 5/5
  2154 | D:3      | Found an opulent altar of Gozag.
  2167 | D:3      | Found an iron altar of Okawaru.
  2382 | D:3      | Found a white marble altar of Elyvilon.
  2461 | D:3      | Reached XP level 6. HP: 41/52 MP: 6/6
  2656 | D:4      | HP: 2/52 [gnoll/+0 halberd (11)]
  2659 | D:4      | Mangled by a gnoll

Levels and vault maps discovered:
D:1:      lemuel_arrival_behind_the_door_small, layout_basic,
          minmay_tetromino_l4
D:2:      minmay_evil_eye, layout_loops_ring, minmay_misc_feat_room,
          minmay_misc_feat_cross, xom_redecorated
D:3:      layout_basic, elyvilon_altar_4,
          chequers_temple_overflow_statue_of_worship
D:4:      layout_loops_ring, first_ration

Skill      XL: |  1  2  3  4  5 |
---------------+----------------+-----
Throwing       | 2 3 |  3.0
Dodging        | 3 |  3.7
Fighting       | 3 |  3.7
Axes           | 4 |  4.9

Action                   |  1- 3 |  4- 6 || total
-------------------------+-------+-------++-------
Melee: War axe           |    96 |   116 ||   212
       Tailslap          |     6 |    15 ||    21
Throw: Stone             |     3 |    12 ||    15
  Use: Potion            |       |     4 ||     4
 Stab: Sleeping          |     3 |     1 ||     4
  Eat: Chunk             |       |     2 ||     2
       Ration            |       |     1 ||     1
Armor: Skin              |    45 |    62 ||   107
Dodge: Dodged            |    90 |   100 ||   190

Table legend:
 A = Non-vault XP
 B = Vault XP
 C = Vault XP percentage of total XP
 D = Non-vault monster count
 E = Vault monster count
 F = Vault count percentage of total count
                 A         B        C        D         E       F
            +---------+---------+-------+---------+---------+-------
      Total |     401 |      21 |   5.0 |      81 |       6 |   6.9
            +---------+---------+-------+---------+---------+-------
        D:1 |      56 |       4 |   6.7 |      25 |       3 |  10.7
        D:2 |      96 |      17 |  15.0 |      27 |       3 |  10.0
        D:3 |     220 |       0 |   0.0 |      23 |       0 |   0.0
        D:4 |      29 |       0 |   0.0 |       6 |       0 |   0.0
            +---------+---------+-------+---------+---------+-------
